 Dungeon Crawl Stone Soup version 0.32-a0-999-gfa1cc04b1d (webtiles) character file.

Game seed: 14829310356112698306

4158 GiantSquids the Covert (level 10, -6/69 HPs)
             Began as an Octopode Delver on Apr 25, 2024.
             Was an Elder of Dithmenos.
             Mangled by Erica
             ... wielding a +4 scimitar of flaming
              (10 damage)
             ... on level 9 of the Dungeon.
             The game lasted 00:35:16 (7793 turns).

GiantSquids the Covert (Octopode Delver)            Turns: 7793, Time: 00:35:17

Health: -6/69      AC:  5    Str: 11    XL:     10   Next: 28%
Magic:  10/10      EV:  4    Int: 14    God:    Dithmenos [****..]
Gold:   448        SH:  0    Dex: 17    Spells: 9/9 levels left

rFire   . . .        E - +2 dagger (venom)
rCold   . . .        (no shield)
rNeg    . . .        (helmet restricted)
rPois   .            s - amulet of faith
rElec   .            D - +4 ring of protection
rCorr   .            (no ring)
SInv    .            (no ring)
Will    .....        (no ring)
Stlth   +++++++++    (no ring)
HPRegen 0.31/turn    (no ring)
MPRegen 0.12/turn    (no ring)
                     (no ring)

%: faith
@: wreathed by umbra, constricted
A: almost no armour, amphibious, 8 rings, camouflage 1, gelatinous body 1,
(nimble swimmer 1), tentacles
a: Renounce Religion, Shadow Step


You were on level 9 of the Dungeon.
You worshipped Dithmenos.
Dithmenos was greatly pleased with you.
You visited 2 branches of the dungeon, and saw 10 of its levels.

You collected 448 gold pieces.

Inventory:

Hand Weapons
 y - a +4 dagger
 A - the +2 dagger "Jellybane" {freeze, rN+ Int+3}
   (You took it off a centaur on level 7 of the Dungeon)

   Int+3:     It affects your intelligence (+3).
   rN+:       It protects you from negative energy.
 E - a +2 dagger of venom (weapon)
Missiles
 l - 78 stones
 o - 18 poisoned darts (quivered)
 p - 3 curare-tipped darts
 q - a throwing net
Jewellery
 g - an amulet of magic regeneration
 j - a +6 ring of intelligence
 s - an amulet of faith (around mantle)
 D - a +4 ring of protection (left tentacle)
 H - a ring of ice
Wands
 f - a wand of digging (7)
 h - a wand of paralysis (17)
 z - a wand of polymorph (8)
 G - a wand of quicksilver (20)
Scrolls
 b - 2 scrolls of fog
 c - 3 scrolls of revelation
 d - 4 scrolls of fear
 i - 2 scrolls of vulnerability {unknown}
 k - 2 scrolls of poison
 t - 2 scrolls of enchant weapon
 B - 2 scrolls of blinking {unknown}
 C - a scroll of teleportation {unknown}
 F - a scroll of torment {unknown}
Potions
 a - a potion of brilliance
 e - a potion of haste
 m - 2 potions of curing
 n - a potion of cancellation {unknown}
 r - a potion of heal wounds {unknown}
 u - a potion of invisibility {unknown}
 v - a potion of resistance {unknown}
 w - 2 potions of ambrosia {unknown}
 x - a potion of attraction {unknown}


   Skills:
 + Level 6.6 Fighting
 * Level 10.4 Short Blades
 + Level 4.1 Dodging
 + Level 12.9 Stealth


You had 9 spell levels left.
You didn't know any spells.
Your spell library contained the following spells:

 Spells                   Type           Power      Damage    Failure   Level
 Frozen Ramparts          Ice            0%         1d1       65%         3
 Ozocubu's Armour         Ice            0%         N/A       65%         3
 Tukima's Dance           Hex            0%         N/A       65%         3
 Dimensional Bullseye     Hex/Tloc       0%         N/A       96%         4
 Iskenderun's Mystic Bla Conj/Tloc 0%             2d3        (+2d1     96%         4
 Passage of Golubria      Tloc           0%         N/A       96%         4
 Metabolic Englaciation   Hex/Ice        0%         N/A       100%        5
 Yara's Violent Unravell  Hex/Alch       0%         3d3       100%        5


Dungeon Overview and Level Annotations

Branches:
Dungeon (9/15)             Temple (1/1) D:4
   Lair: D:8-11         Orc: D:9-12

Altars:
Ashenzari
Cheibriados
Dithmenos
Elyvilon
Fedhas
Gozag
Hepliaklqana
Kikubaaqudgha
Makhleb
Nemelex Xobeh
Okawaru
Qazlal
Ru
Sif Muna
Trog
Uskayaw
Vehumet
Wu Jian
Xom
Yredelemnul
Zin
The Shining One

Annotations:
D:9 Erica


Innate Abilities, Weirdness & Mutations

You cannot wear most types of armour.
You are amphibious.
You can wear up to eight rings at the same time.
Your skin changes colour to match your surroundings (Stealth+).
Your rubbery body absorbs attacks. (AC +1, EV +1)
((You are camouflaged when in or above water. (Stealth+)))
You have tentacles for arms and can constrict up to eight enemies at once.


Message History

You throw a poisoned dart. The poisoned dart hits Erica.
Erica mumbles some strange words.
Erica flickers and vanishes!
Deactivating autopickup; reactivate with Ctrl-A.
Throw: 22 darts (poison)
Press: ? - help, Q - select action, (/) - cycle Shift-Dir - straight line You throw a poisoned dart.
Throw: 21 darts (poison)
Press: ? - help, Q - select action, (/) - cycle Shift-Dir - straight line You throw a poisoned dart.
You hear some strange, mumbled words.
A bolt of poison appears from out of thin air!
The bolt of poison misses you.
Throw: 20 darts (poison)
Press: ? - help, Q - select action, (/) - cycle Shift-Dir - straight line You throw a poisoned dart.
Throw: 19 darts (poison)
Press: ? - help, Q - select action, (/) - cycle Shift-Dir - straight line You throw a poisoned dart.
Something hits you! Something burns you. Something grabs you.
You are constricted.
You hit something. You barely miss something.
You hear some strange, mumbled words.
A bolt of poison appears from out of thin air!
The bolt of poison hits you!!
You are poisoned.
* * * LOW HITPOINT WARNING * * *
You emit a cloud of dark smoke.
You are constricted.
* * * LOW HITPOINT WARNING * * *
You feel better. Something hits you!
* * * LOW HITPOINT WARNING * * *
Something burns you.
* * * LOW HITPOINT WARNING * * *
You are constricted.
* * * LOW HITPOINT WARNING * * *
Okay, then.
You hit something. You hit something. Something hits you!
You die...

..(......##.......#
..(.....##.####..#
(......# # #..#
#......##. #..#
#........ #..#
#......# #..#
#......# #..#
#§§{...# #..#
#§§@...# #..#
#§§§...# #..#
#......# #..#
#......# #..#
#......##.# #..#
#......##.# #..#
#......##.# #..#
#......##.# #..#
#......##.# #..#


There were no monsters in sight!

Vanquished Creatures
  3 yaks (D:8)
  A steam dragon (D:8)
  An acid dragon (D:9)
  2 water moccasins (D:7)
  Duvessa (D:7)
  A black bear (D:6)
  A sky beast (D:7)
  2 orc warriors
  An ogre (D:5)
  5 centaurs
  A phantom (D:5)
  A kobold brigand (D:8)
  4 scorpions
  A bullfrog (D:7)
  2 gnoll sergeants
  3 wights (D:4)
  Dowan (D:7)
  3 killer bees (D:8)
  3 howler monkeys
  9 orc priests
  3 hounds
  Ijyb (D:4)
  3 gnoll boudas
  2 sleepcaps (D:5)
  3 iguanas
  9 orc wizards
  25 gnolls
  6 adders
  A shadow imp (D:5)
  3 white imps
  2 ufetubi (D:6)
  3 ribbon worms
  2 dart slugs
  25 orcs
  6 endoplasms
  4 giant cockroaches
  6 goblins
  10 hobgoblins
  9 jackals
  12 kobolds
  2 quokkas (D:2)
  7 ball pythons
  8 bats
  3 frilled lizards
  9 rats
210 creatures vanquished.

Notes
Turn   | Place    | Note
-------+----------+-------------------------------------------
     0 | D:5      | GiantSquids the Octopode Delver began the quest for the
                  | Orb.
     0 | D:5      | Reached XP level 1. HP: 16/16 MP: 1/1
    78 | D:5      | Found a sparkling altar of Nemelex Xobeh.
   195 | D:3      | Reached XP level 2. HP: 19/21 MP: 2/2
   235 | D:3      | Reached skill level 7 in Stealth
   345 | D:2      | Reached XP level 3. HP: 6/26 MP: 3/3
  1303 | D:2      | Reached XP level 4. HP: 31/31 MP: 4/4
  1569 | D:2      | Reached skill level 8 in Stealth
  1920 | D:3      | Found a burning altar of Makhleb.
  1926 | D:3      | Found a blossoming altar of Fedhas.
  1930 | D:3      | Found a glowing golden altar of the Shining One.
  2245 | D:3      | Reached XP level 5. HP: 36/36 MP: 5/5
  2499 | D:4      | Found a staircase to the Ecumenical Temple.
  2530 | D:4      | Reached XP level 6. HP: 13/42 MP: 6/6
  2532 | D:4      | Reached skill level 9 in Stealth
  2545 | Temple   | Entered the Ecumenical Temple
  2619 | Temple   | Became a worshipper of Dithmenos the Shadowed
  2720 | D:4      | Noticed Ijyb
  2725 | D:4      | Killed Ijyb
  2781 | D:4      | Identified the +3 hand axe "Bibodghaez" {heavy, Fly rPois
                  | rN++ Int-3}
  2820 | D:4      | Reached skill level 5 in Short Blades
  2998 | D:4      | Found an iron altar of Okawaru.
  3004 | D:4      | Reached XP level 7. HP: 46/46 MP: 7/7
  3403 | D:5      | Reached skill level 10 in Stealth
  3540 | D:5      | Reached * piety under Dithmenos
  3683 | D:5      | Reached XP level 8. HP: 43/54 MP: 8/8
  4310 | D:6      | Reached skill level 11 in Stealth
  4310 | D:6      | Reached ** piety under Dithmenos
  4773 | D:6      | Reached XP level 9. HP: 60/60 MP: 9/9
  5046 | D:7      | Noticed Duvessa
  5046 | D:7      | Noticed Dowan
  5048 | D:7      | Killed Dowan
  5086 | D:7      | Reached skill level 5 in Fighting
  5192 | D:7      | Killed Duvessa
  5361 | D:7      | Identified the +2 dagger "Jellybane" {freeze, rN+ Int+3}
  5606 | D:7      | Found a shimmering blue altar of Sif Muna.
  5657 | D:7      | Reached skill level 12 in Stealth
  6490 | D:8      | Reached *** piety under Dithmenos
  6873 | D:8      | Reached XP level 10. HP: 67/68 MP: 10/10
  6906 | D:8      | Reached skill level 10 in Short Blades
  7717 | D:9      | Reached **** piety under Dithmenos
  7778 | D:9      | Noticed Erica
  7791 | D:9      | HP: 3/69 [something (1)]
  7793 | D:9      | Mangled by Erica

Illustrated notes

Levels and vault maps discovered:
D:1:      matt_arrival_diagonals, layout_basic, minmay_cut_off
D:2:      minmay_general_purpose_star, layout_basic
D:3:      cheibrodos_fertilizer, layout_loops_corners, minitemple
D:4:      layout_loops_corners, okawaru_gym_becter,
          minmay_temple_entry_mini_moons, uniq_ijyb
D:5:      layout_basic, nemelex_diamond_rough_becter
D:6:      layout_basic
D:7:      layout_rooms, mainiacjoe_overflow_concentric_impassable, uniq_duvessa
D:8:      layout_gridville, uniq_grum
D:9:      layout_long_grid, billiards_dpeg, uniq_erica, uniq_psyche,
          uniq_jeremiah
Temple:   minmay_temple_bridge_d

Skill      XL: |  1  2  3  4  5  6  7  8  9 10 |
---------------+-------------------------------+-----
Stealth        | 7 8 9 10 11 12 | 12.9
Short Blades   | 3 4 5 6 8 9 10 | 10.4
Fighting       | 4 6 |  6.6
Dodging        | 3 4 |  4.1

Action                     |  1- 3 |  4- 6 |  7- 9 | 10-12 || total
---------------------------+-------+-------+-------+-------++-------
  Melee: Short sword       |    59 |    89 |       |       ||   148
         Tentacles         |     4 |    25 |    79 |    24 ||   132
         Constrict         |    14 |    27 |    59 |    24 ||   124
         Dagger            |       |    12 |   263 |    98 ||   373
  Throw: Stone             |       |       |     5 |       ||     5
         Dart              |       |       |     2 |    27 ||    29
    Use: Potion            |       |     1 |     1 |     1 ||     3
         Scroll            |       |       |     4 |       ||     4
   Stab: Sleeping          |    15 |    17 |    19 |     2 ||    53
         Distracted        |       |       |     1 |       ||     1
 Armour: Skin              |    30 |    32 |    94 |    33 ||   189
  Dodge: Dodged            |    21 |    46 |    79 |    46 ||   192

Table legend: (Time is in decaauts)
 A = Elapsed time spent in this place.
 B = Non-inter-level travel time spent in this place.
 C = Inter-level travel time spent in this place.
 D = Time resting spent in this place.
 E = Time spent auto-exploring this place.
 F = Levels seen in this place.
 G = Mean time per level.
                   A        B        C        D        E       F      G
               +--------+--------+--------+--------+--------+-----+--------+
         Total |   7608 |   7139 |    469 |    872 |   2222 |  10 |  760.8 |
       Dungeon |   7462 |   7126 |    336 |    872 |   2222 |   9 |  829.1 |
        Temple |    146 |     13 |    133 |      0 |      0 |   1 |  146.0 |
               +--------+--------+--------+--------+--------+-----+--------+

Top non-repeatable levels by time:
     D:8: 1328 daAuts
     D:7: 1188 daAuts
     D:6: 1008 daAuts
     D:4: 828 daAuts
     D:2: 805 daAuts
     D:5: 751 daAuts
     D:1: 745 daAuts
     D:3: 712 daAuts
  Temple: 146 daAuts
     D:9: 93 daAuts
